 Dungeon Crawl Stone Soup version 0.22-a0-558-gc224181 (webtiles) character file.

1753 vierth the Covered (level 8, 0/74 HPs)
             Began as a Minotaur Fighter on June 27, 2018.
             Was a Follower of Trog.
             Succumbed to a killer bee's poison
             ... on level 7 of the Dungeon.
             The game lasted 00:14:01 (6920 turns).

vierth the Covered (Minotaur Fighter)               Turns: 6920, Time: 00:14:01

Health: 0/74       AC: 15    Str: 23    XL:     8   Next: 78%
Magic:  7/7        EV:  7    Int:  5    God:    Trog [*.....]
Gold:   424        SH:  0    Dex: 10    Spells: 7/7 levels left

rFire    . . .     SeeInvis .   E - +0 battleaxe
rCold    . . .     Gourm    .   (shield currently unavailable)
rNeg     . . .     Faith    .   B - +0 plate armour
rPois    .         Spirit   .   (helmet restricted)
rElec    .         Reflect  .   m - +1 cloak
rCorr    +         Harm     .   (no gloves)
MR       .....                  (no boots)
Stlth    ..........             (no amulet)
HPRegen  0.22/turn              z - ring of resist corrosion
MPRegen  0.10/turn              (no ring)

@: lethally poisoned (0 -> -3), berserk cooldown, slowed, very slow
A: retaliatory headbutt, horns 2
a: Berserk, Renounce Religion


You were on level 7 of the Dungeon.
You worshipped Trog.
Trog was aware of your devotion.
You were not hungry.

You visited 2 branches of the dungeon, and saw 8 of its levels.
You also visited: Sewer.

You collected 424 gold pieces.

Inventory:

Hand Weapons
 a - a +0 war axe
 r - a +0 mace
 E - a +0 battleaxe (weapon)
Armour
 m - a +1 cloak (worn)
 B - a +0 plate armour (worn)
Jewellery
 z - a ring of resist corrosion (left hand)
 A - an uncursed ring of ice
Wands
 i - a wand of paralysis (17)
 D - a wand of acid (5)
Scrolls
 b - a scroll of torment {unknown}
 c - a scroll of fog {unknown}
 e - 2 scrolls of immolation
 f - 7 scrolls of teleportation
 j - 3 scrolls of identify
 k - 3 scrolls of fear
 l - a scroll of blinking {unknown}
 n - 2 scrolls of magic mapping
 q - 3 scrolls of enchant weapon {unknown}
 t - 4 scrolls of amnesia {unknown}
 y - a scroll of noise {unknown}
 C - 2 scrolls of remove curse {unknown}
Potions
 d - 5 potions of might
 g - 2 potions of invisibility
 h - a potion of magic
 p - 2 potions of heal wounds {unknown}
 s - a potion of cancellation {unknown}
 u - a potion of brilliance {unknown}
 v - a potion of degeneration {unknown}
 w - 2 potions of flight {unknown}
 x - 3 potions of curing {unknown}
Comestibles
 o - 4 rations


   Skills:
 + Level 7.8 Fighting
 + Level 7.3 Axes
 + Level 7.9 Armour
   Level 7.2 Shields


You had 7 spell levels left.
You didn't know any spells.
Your spell library was empty.

Dungeon Overview and Level Annotations

Branches:
Dungeon (7/15)             Temple (1/1) D:4

Altars:
Cheibriados
Elyvilon
Fedhas
Gozag
Kikubaaqudgha
Makhleb
Nemelex Xobeh
Qazlal
Sif Muna
Trog
Uskayaw
Vehumet
Xom
Zin
The Shining One

Annotations:
D:7 1 runed door, Zgarb's ghost, novice VSSu


Innate Abilities, Weirdness & Mutations

You reflexively headbutt those who attack you in melee.
You have a pair of horns on your head.


Message History

You are starving!
A sky beast appears from thin air!
Reactivating autopickup.
The hungry ghost hits you.
You feel somewhat more hungry.
You miss the hungry ghost.
The hungry ghost is lightly damaged.
* * * LOW HITPOINT WARNING * * *
You feel sick. The hungry ghost barely misses you.
The hungry ghost closely misses you. You furiously retaliate!
You headbutt the hungry ghost, but do no damage.
Okay, then.
Unknown command.
You eat one of the 5 rations.
That ration really hit the spot!
* * * LOW HITPOINT WARNING * * *
You feel sick. The hungry ghost barely misses you. You furiously retaliate!
You headbutt the hungry ghost. The hungry ghost barely misses you.
You furiously retaliate!
You headbutt the hungry ghost. You closely miss the hungry ghost.
The hungry ghost is moderately damaged.
You die...

#.# #....# #.#
#.# #.. #.#
#....# #.#
#.##########..
#.# #....# #.#
#.............
#.# ###### #.#
###########...
#.# #.# #...
#.# #.#######
#... #<#
#....#$P# ##..
### #.#..+$8#
#.. #@##.#.P
#..
#W#########
#..
#Y........#
#..
##.........
#.........
#.........
#.........
#.........
#.........


You could see a hungry ghost and a sky beast.

Vanquished Creatures
  2 orc warriors
  2 phantoms
  3 ogres
  A big kobold (Sewer)
  4 bullfrogs
  3 killer bees (D:7)
  A bullfrog zombie (D:5)
  A quasit (D:5)
  3 hounds
  4 orc wizards
  An iguana (D:7)
  4 worker ants
  A hound skeleton (D:4)
  A worker ant zombie (D:5)
  4 gnolls (D:4)
  A howler monkey skeleton (D:6)
  4 adders
  A river rat (D:4)
  A shadow imp (D:5)
  An ooze (D:2)
  An adder zombie (D:7)
  2 adder skeletons
  3 worms (D:2)
  4 dart slugs
  7 leopard geckos
  16 orcs
  8 bats
  8 giant cockroaches
  5 goblins
  8 hobgoblins
  15 jackals
  10 kobolds
  3 quokkas
  4 ball pythons
  11 frilled lizards
  2 leopard gecko skeletons
  8 rats
158 creatures vanquished.

Vanquished Creatures (others)
  4 toadstools (D:1)
4 creatures vanquished.

Grand Total: 162 creatures vanquished

Notes
Turn   | Place    | Note
-------+----------+-------------------------------------------
     0 | D:1      | vierth the Minotaur Fighter began the quest for the Orb.
     0 | D:1      | Reached XP level 1. HP: 19/19 MP: 0/0
    79 | D:1      | Reached XP level 2. HP: 18/27 MP: 1/1
   889 | D:2      | Reached XP level 3. HP: 22/33 MP: 2/2
  1316 | D:2      | Reached XP level 4. HP: 40/40 MP: 3/3
  2601 | D:4      | Reached XP level 5. HP: 39/47 MP: 4/4
  2624 | D:4      | Found a glowing drain.
  2730 | Sewer    | Entered a sewer
  2820 | Sewer    | Reached skill level 5 in Armour
  2842 | Sewer    | Reached skill level 5 in Fighting
  2869 | Sewer    | HP: 2/48 [poisoned by a kobold]
  2877 | Sewer    | HP: 2/48 [poisoned by a kobold]
  3190 | Sewer    | Found a white marble altar of Elyvilon.
  3341 | D:4      | Found a staircase to the Ecumenical Temple.
  3343 | D:4      | Reached skill level 5 in Shields
  3365 | D:4      | Reached XP level 6. HP: 42/56 MP: 5/5
  3523 | Temple   | Entered the Ecumenical Temple
  3983 | D:4      | Found a bloodstained altar of Trog.
  3991 | D:4      | Became a worshipper of Trog the Wrathful
  4197 | D:4      | Found a stormy altar of Qazlal.
  4694 | D:5      | Entered Level 5 of the Dungeon
  4783 | D:5      | Reached skill level 5 in Axes
  4783 | D:5      | Reached XP level 7. HP: 43/62 MP: 6/6
  4902 | D:5      | Found a burning altar of Makhleb.
  5101 | D:5      | Found a blossoming altar of Fedhas.
  5670 | D:5      | Found a shimmering altar of Xom.
  5983 | D:6      | Reached * piety under Trog
  6064 | D:6      | Reached XP level 8. HP: 55/71 MP: 7/7
  6882 | D:7      | Found a runed door.
  6882 | D:7      | Noticed Zgarb's ghost (novice VSSu)
  6917 | D:7      | HP: 2/74 [poisoned by a killer bee]
  6920 | D:7      | Succumbed to a killer bee's poison

Vault maps used:
D:1:      ldierk_walled_garden_2
D:2:      grunt_decor_mini_mirrors, minmay_tetromino_o2
D:3:      first_ration
D:4:      nicolae_overflow_hidden_temple, lemuel_crystal_altar,
          minmay_temple_entry_mist, portal_sewer_entry_b
D:5:      marbit_many_paths, makhleb_blood_cavern_becter, kennysheep_little_box
D:7:      nicolae_overflow_crystal_walls, lemuel_crystal_altar,
          gammafunk_ghost_grave
Temple:   dpeg_chambers_temple
Sewer:    sewer_kobolds

Skill      XL: |  1  2  3  4  5  6  7  8 |
---------------+-------------------------+-----
Armour         | 4 5 6 7 |  7.9
Shields        | 4 5 6 7 |  7.2
Fighting       | 4 5 6 7 |  7.8
Axes           | 3 4 5 6 7 |  7.3

Action                   |  1- 3 |  4- 6 |  7- 9 || total
-------------------------+-------+-------+-------++-------
Melee: War axe           |    74 |   186 |   158 ||   418
       Headbutt          |    12 |    20 |    23 ||    55
       Battleaxe         |       |       |    39 ||    39
Invok: Berserk           |       |       |     2 ||     2
  Use: Scroll            |       |     7 |     2 ||     9
  Eat: Ration            |     1 |     3 |     4 ||     8
Armor: Scale mail        |    36 |   100 |    29 ||   165
       Plate armour      |       |       |   102 ||   102
Dodge: Dodged            |    24 |    74 |    73 ||   171
Block: Shield            |    43 |   124 |    94 ||   261

Table legend:
 A = Spawn XP
 B = Non-spawn XP
 C = Spawn XP percentage of total XP
 D = Spawn monster count
 E = Non-spawn monster count
 F = Spawn count percentage of total count
 G = Total turns spent on level
                    A         B        C        D         E        F      G
               +---------+---------+-------+---------+---------+-------+---------
         Total |       0 |    2505 |   0.0 |       0 |     158 |   0.0 |  6920
               +---------+---------+-------+---------+---------+-------+---------
           D:1 |       0 |      32 |   0.0 |       0 |      16 |   0.0 |   879
           D:2 |       0 |      98 |   0.0 |       0 |      27 |   0.0 |   735
           D:3 |       0 |      38 |   0.0 |       0 |      19 |   0.0 |   821
           D:4 |       0 |     356 |   0.0 |       0 |      23 |   0.0 |  1496
           D:5 |       0 |     434 |   0.0 |       0 |      23 |   0.0 |  1202
           D:6 |       0 |     722 |   0.0 |       0 |      25 |   0.0 |   776
           D:7 |       0 |     714 |   0.0 |       0 |      14 |   0.0 |   248
         Sewer |       0 |     111 |   0.0 |       0 |      11 |   0.0 |   553
               +---------+---------+-------+---------+---------+-------+---------
